 Dungeon Crawl Stone Soup version 0.22-a0-514-g96ba041 (webtiles) character file.

284 Azzur the Skirmisher (level 6, 0/57 HPs)
             Began as a Minotaur Berserker on June 18, 2018.
             Was a Believer of Trog.
             Slain by Grinder (1 damage)
             ... on level 4 of the Dungeon on June 19, 2018.
             The game lasted 00:19:10 (2697 turns).

Azzur the Skirmisher (Minotaur Berserker)           Turns: 2697, Time: 00:19:13

Health: 0/57       AC:  7    Str: 23    XL:     6   Next: 7%
Magic:  5/5        EV: 12    Int:  4    God:    Trog [**....]
Gold:   228        SH:  0    Dex: 10    Spells: 5/5 levels left

rFire    . . .     SeeInvis .   q - +0 scythe
rCold    . . .     Gourm    .   (shield currently unavailable)
rNeg     . . .     Faith    .   i - +0 ring mail
rPois    .         Spirit   .   (helmet restricted)
rElec    .         Reflect  .   (no cloak)
rCorr    .         Harm     .   B - +0 pair of gloves
MR       +....                  (no boots)
Stlth    +.........             (no amulet)
HPRegen  0.19/turn              m - ring of protection from magic
MPRegen  0.09/turn              (no ring)

@: berserk cooldown
A: retaliatory headbutt, horns 2
a: Berserk, Trog's Hand, Renounce Religion


You were on level 4 of the Dungeon.
You worshipped Trog.
Trog was pleased with you.
You were not hungry.

You visited 1 branch of the dungeon, and saw 4 of its levels.

You collected 228 gold pieces.

Inventory:

Hand Weapons
 a - a +0 mace
 q - a +0 scythe (weapon)
 D - a +0 blowgun
Missiles
 l - 6 tomahawks (quivered)
 E - 27 poisoned needles
Armour
 i - a +0 ring mail (worn)
 o - a +1 leather armour of fire resistance
 B - a +0 pair of gloves (worn)
Jewellery
 m - a ring of protection from magic (left hand)
Wands
 w - a wand of acid (3)
Scrolls
 b - a scroll of remove curse
 e - a scroll of fog
 h - a scroll of blinking
 n - 2 scrolls of identify
 p - 2 scrolls of amnesia
 s - a scroll of enchant armour {unknown}
 u - a scroll of teleportation {unknown}
 x - a scroll of magic mapping {unknown}
 y - a scroll of immolation {unknown}
Potions
 f - 2 potions of resistance {unknown}
 g - a potion of heal wounds {unknown}
 j - a potion of brilliance {unknown}
 k - 2 potions of flight
 r - a potion of agility
 t - 3 potions of might {unknown}
 v - a potion of invisibility {unknown}
 z - a potion of ambrosia {unknown}
 C - a potion of haste {unknown}
Comestibles
 c - 6 rations


   Skills:
 * Level 5.7 Fighting
 + Level 5.2 Maces & Flails
 + Level 1.4 Polearms
 - Level 0.6 Throwing
 + Level 3.8 Armour
 + Level 2.9 Dodging
 + Level 0.3 Stealth


You had 5 spell levels left.
You didn't know any spells.
Your spell library was empty.

Dungeon Overview and Level Annotations

Branches:
Dungeon (4/15)             Temple (0/1) D:4

Altars:
Nemelex Xobeh
Ru
Wu Jian
Zin

Annotations:
D:4 Grinder


Innate Abilities, Weirdness & Mutations

You reflexively headbutt those who attack you in melee.
You have a pair of horns on your head.


Message History

Grinder blinks! x2
A frilled lizard comes into view.
The frilled lizard hisses angrily.
Grinder gestures at you. You resist with some effort.
Grinder blinks!
There is a stone staircase leading up here.
You closely miss Grinder. You headbutt Grinder!
Grinder is almost dead.
You feel yourself speed up. Grinder hits you.
* * * LOW HITPOINT WARNING * * *
You writhe in agony.
* * * LOW HITPOINT WARNING * * *
Grinder hits you.
* * * LOW HITPOINT WARNING * * *
You writhe in agony.
* * * LOW HITPOINT WARNING * * *
Grinder hits you.
You die...

##......# .#..
##.P..P/.##..( #
#..P.P...#..#
..####.P.>.P..#..# #
.......P.P....<.#
#.# #....PP†....#.#
#...###.........#..#
#...##.5l....###.#
#§....@....# ..
#.........### #.#
(...........$# ..
####..........# ...
......#####.#
..###### ... >.# #..
## ..


You could see Grinder and a frilled lizard.

Vanquished Creatures
  Sigmund (D:2)
  6 adders
  2 oozes (D:3)
  A worm (D:3)
  A dart slug (D:2)
  3 leopard geckos (D:1)
  A ball python (D:2)
  A giant cockroach (D:2)
  7 hobgoblins
  12 jackals
  A quokka (D:3)
  6 bats
  4 frilled lizards
  8 goblins
  5 kobolds
  9 rats
68 creatures vanquished.

Notes
Turn   | Place    | Note
-------+----------+-------------------------------------------
     0 | D:1      | Azzur the Minotaur Berserker began the quest for the Orb.
     0 | D:1      | Reached XP level 1. HP: 19/19 MP: 0/0
   145 | D:1      | Reached XP level 2. HP: 25/27 MP: 1/1
   759 | D:2      | Reached XP level 3. HP: 29/33 MP: 2/2
   811 | D:2      | Reached ** piety under Trog
   965 | D:2      | Noticed Sigmund
  1019 | D:2      | HP: 1/49 [Sigmund/puff of flame (12)]
  1020 | D:2      | Killed Sigmund
  1020 | D:2      | Reached skill level 5 in Fighting
  1020 | D:2      | Reached skill level 5 in Maces & Flails
  1020 | D:2      | Reached XP level 4. HP: 1/42 MP: 3/3
  1020 | D:2      | Reached XP level 5. HP: 1/48 MP: 4/4
  1676 | D:3      | Found a glowing silver altar of Zin.
  1874 | D:3      | Found a sparkling altar of Nemelex Xobeh.
  1914 | D:3      | Reached skill level 1 in Polearms
  2157 | D:3      | Reached XP level 6. HP: 51/56 MP: 5/5
  2187 | D:3      | Found an ornate altar of the Wu Jian Council.
  2232 | D:3      | Found a sacrificial altar of Ru.
  2657 | D:4      | Found a staircase to the Ecumenical Temple.
  2661 | D:4      | Noticed Grinder
  2661 | D:4      | Paralysed by Grinder for 4 turns
  2697 | D:4      | HP: 1/57 [Grinder (6)]
  2697 | D:4      | Slain by Grinder

Vault maps used:
D:1:      evilmike_arrival_rings, minmay_split_cup_small
D:2:      uniq_sigmund
D:3:      nemelex_xobeh_ov_fountains_minmay, nicolae_overflow_hidden_temple,
          old_standard_altar, nicolae_ru_the_path_less_chosen
D:4:      elyvilon_altar_4, minmay_temple_entry_overgrown, first_ration,
          uniq_grinder

Skill      XL: |  1  2  3  4  5 |
---------------+----------------+-----
Maces & Flails | 4 5 |  5.2
Fighting       | 4 5 |  5.7
Armour         | 3 |  3.8
Polearms       | 1 |  1.4
Throwing       | |  0.6
Dodging        | |  2.9
Stealth        | |  0.3

Action                   |  1- 3 |  4- 6 || total
-------------------------+-------+-------++-------
Melee: Mace              |    47 |       ||    47
       Headbutt          |     6 |    14 ||    20
       Scythe            |       |   103 ||   103
Throw: Tomahawk          |     3 |       ||     3
Invok: Berserk           |     1 |     1 ||     2
       Trog's Hand       |     1 |     1 ||     2
  Use: Scroll            |     3 |     4 ||     7
       Potion            |       |     3 ||     3
  Eat: Chunk             |       |     3 ||     3
       Ration            |       |     2 ||     2
Armor: Animal skin       |     1 |       ||     1
       Ring mail         |     8 |    54 ||    62
Dodge: Dodged            |    18 |    92 ||   110

Table legend:
 A = Spawn XP
 B = Non-spawn XP
 C = Spawn XP percentage of total XP
 D = Spawn monster count
 E = Non-spawn monster count
 F = Spawn count percentage of total count
 G = Total turns spent on level
                    A         B        C        D         E        F      G
               +---------+---------+-------+---------+---------+-------+---------
         Total |       0 |     407 |   0.0 |       0 |      68 |   0.0 |  2697
               +---------+---------+-------+---------+---------+-------+---------
           D:1 |       0 |      30 |   0.0 |       0 |      18 |   0.0 |   752
           D:2 |       0 |     248 |   0.0 |       0 |      17 |   0.0 |   922
           D:3 |       0 |     112 |   0.0 |       0 |      30 |   0.0 |   983
           D:4 |       0 |      17 |   0.0 |       0 |       3 |   0.0 |    40
               +---------+---------+-------+---------+---------+-------+---------
